 Dungeon Crawl Stone Soup version 0.25-a0-163-g00f8f0cddd (webtiles) character file.

Game seed: 16522006619976428965, levelgen mode: deterministic

135 RedPan the Chiller (level 4, -2/33 HPs)
             Began as a Draconian Ice Elementalist on Nov 22, 2019.
             Killed by divine providence
             ... invoked by an orc priest
              (9 damage)
             ... on level 3 of the Dungeon.
             The game lasted 00:04:11 (2008 turns).

RedPan the Chiller (Draconian Ice Elementalist)     Turns: 2008, Time: 00:04:12

Health: -2/33      AC:  6    Str: 11    XL:     4   Next: 97%
Magic:  3/9        EV: 12    Int: 16    God:
Gold:   95         SH:  0    Dex: 11    Spells: 4/9 levels left

rFire    . . .     SeeInvis .   f - +0 dagger
rCold    . . .     Gourm    .   (no shield)
rNeg     . . .     Faith    .   (armour unavailable)
rPois    .         Spirit   .   (helmet restricted)
rElec    .         Reflect  .   l - +0 cloak
rCorr    .         Harm     .   (no gloves)
MR       .....                  (no boots)
Stlth    ++........             (no amulet)
HPRegen  0.11/turn              (no ring)
MPRegen  0.11/turn              (no ring)

@: very slightly contaminated
A: unfitting armour, cold-blooded, AC +5
a: no special abilities


You were on level 3 of the Dungeon.
You were not hungry.

You visited 1 branch of the dungeon, and saw 3 of its levels.

You collected 95 gold pieces.

Inventory:

Hand Weapons
 f - a +0 dagger (weapon)
Armour
 l - a +0 cloak (worn)
Scrolls
 d - a scroll of identify {unknown}
 i - a scroll of random uselessness {unknown}
Potions
 a - a potion of haste {unknown}
 e - 2 potions of flight {unknown}
 g - 3 potions of heal wounds {unknown}
 h - a potion of invisibility {unknown}
 j - a potion of mutation {unknown}
 k - 2 potions of curing {unknown}
Comestibles
 b - 5 rations
 c - a chunk of flesh


   Skills:
 - Level 2.0 Dodging
 - Level 2.0 Stealth
 + Level 3.4 Spellcasting
   Level 1.0 Conjurations
 + Level 1.1 Summonings
 + Level 4.3 Ice Magic


You had 4 spell levels left.
You knew the following spells:

 Your Spells              Type           Power        Failure   Level  Hunger
a - Freeze                Ice            ###.         3%          1    None
b - Summon Ice Beast      Ice/Summ       ##......     52%         4    ####...

Your spell library contained the following spells:

 Spells                   Type           Power        Failure   Level  Hunger
 Throw Frost              Conj/Ice       ##....       9%          2    ##.....
 Ozocubu's Armour         Chrm/Ice       #.......     22%         3    ###....
 Throw Icicle             Conj/Ice       ##......     52%         4    ####...


Dungeon Overview and Level Annotations

Branches:
Dungeon (3/15)

Altars:
Qazlal
Trog


Innate Abilities, Weirdness & Mutations

Your plain brown scales are hard. (AC +5)
You cannot fit into any form of body armour.
You are cold-blooded and may be slowed by cold attacks.


Message History

The orc priest mumbles some strange prayers to Beogh against you.
Beogh smites you!
The orc priest calls down the wrath of Beogh upon you.
Pain shoots through your body!
* * * LOW HITPOINT WARNING * * *
You hit the orc priest but do no damage.
The orc priest is severely wounded.
The orc priest barely misses you.
An orc comes into view. It is wielding a +0 hand axe.
Casting: Freeze (safe; 3% risk of failure)
Confirm with . or Enter, or press ? or * to list all spells.
Aiming: Freeze (safe; 3% risk of failure)
Press: ? - help, Shift-Dir - straight line, f/p - orc priest
Aim: an orc priest, wielding a +0 whip (severely wounded)
You freeze the orc priest.
You kill the orc priest!
Your Summonings skill increases to level 1!
The orc priest invokes the aid of Beogh against you.
Beogh smites you!
You die...

###
#<#
#.#
#@#
#)#
#o#


ooo ##. .. .# .# You could see an orc priest and 3 orcs.

Vanquished Creatures
  An orc priest (D:3)
  Robin (D:1)
  4 adders (D:2)
  3 worms (D:2)
  A ball python (D:2)
  2 giant cockroaches (D:2)
  8 goblins
  8 hobgoblins
  4 jackals (D:1)
  3 quokkas (D:2)
  4 bats
  4 frilled lizards
  A kobold (D:2)
  7 rats
51 creatures vanquished.

Notes
Turn   | Place    | Note
-------+----------+-------------------------------------------
     0 | D:1      | RedPan the Draconian Ice Elementalist began the quest for
                  | the Orb.
     0 | D:1      | Reached XP level 1. HP: 14/14 MP: 3/3
   414 | D:1      | Reached XP level 2. HP: 19/20 MP: 1/5
   973 | D:2      | Noticed Robin
   989 | D:1      | Reached XP level 3. HP: 18/26 MP: 2/6
  1097 | D:1      | Killed Robin
  1229 | D:2      | Found a bloodstained altar of Trog.
  1356 | D:2      | Found a stormy altar of Qazlal.
  1471 | D:2      | Reached XP level 4. HP: 33/33 MP: 6/8
  1480 | D:2      | Reached skill level 4 in Ice Magic
  1503 | D:2      | Learned a level 4 spell: Summon Ice Beast
  2008 | D:3      | Reached skill level 1 in Summonings
  2008 | D:3      | Killed from afar by an orc priest

Levels and vault maps discovered:
D:1:      shiori_arrival_oz, layout_basic
D:2:      layout_basic, overflow_temple_1_default, lemuel_doored_altar,
          first_ration, uniq_robin
D:3:      layout_basic, nicolae_ashenzari_panopticon, gup_sewer_entry_bowl,
          uniq_ijyb

Skill      XL: |  1  2  3  4 |
---------------+-------------+-----
Stealth        | 2 |  2.0
Dodging        | 2 |  2.0
Spellcasting   | 3 |  3.4
Ice Magic      | 4 |  4.3
Summonings     | 1 |  1.1
Conjurations   | |  1.0

Action                   |  1- 3 |  4- 6 || total
-------------------------+-------+-------++-------
Melee: Unarmed           |     7 |       ||     7
       Tailslap          |     4 |     1 ||     5
       Dagger            |    29 |     6 ||    35
       Club              |     3 |       ||     3
 Cast: Freeze            |    66 |    23 ||    89
  Use: Scroll            |     1 |       ||     1
 Stab: Sleeping          |     1 |     2 ||     3
  Eat: Chunk             |     2 |     2 ||     4
Armor: Skin              |    20 |     3 ||    23
Dodge: Dodged            |    68 |    13 ||    81

Table legend:
 A = Non-vault XP
 B = Vault XP
 C = Vault XP percentage of total XP
 D = Non-vault monster count
 E = Vault monster count
 F = Vault count percentage of total count
                 A         B        C        D         E       F
            +---------+---------+-------+---------+---------+-------
      Total |     166 |      28 |  14.4 |      43 |       8 |  15.7
            +---------+---------+-------+---------+---------+-------
        D:1 |      32 |      24 |  42.9 |      20 |       6 |  23.1
        D:2 |      93 |       4 |   4.1 |      22 |       2 |   8.3
        D:3 |      41 |       0 |   0.0 |       1 |       0 |   0.0
            +---------+---------+-------+---------+---------+-------
